 Dungeon Crawl Stone Soup version 0.23-a0-650-ga4d50d4 (webtiles) character file.

27 Borgoz the Grave Robber (level 2, -1/24 HPs)
             Began as a Deep Dwarf Necromancer on Jan 3, 2019.
             Killed from afar by Sigmund (6 damage)
             ... with a wand of flame (9)
             ... on level 2 of the Dungeon.
             The game lasted 00:03:41 (1127 turns).

Borgoz the Grave Robber (Deep Dwarf Necromancer)    Turns: 1127, Time: 00:03:41

Health: -1/24      AC:  5    Str: 11    XL:     2   Next: 93%
Magic:  5/5        EV: 11    Int: 15    God:
Gold:   40         SH:  0    Dex: 13    Spells: 4/5 levels left

rFire    . . .     SeeInvis .   d - +0 short sword
rCold    . . .     Gourm    .   (no shield)
rNeg     . . .     Faith    .   j - +0 ring mail
rPois    .         Spirit   .   (no helmet)
rElec    .         Reflect  .   (no cloak)
rCorr    .         Harm     .   (no gloves)
MR       .....                  (no boots)
Stlth    +.........             (no amulet)
HPRegen  0.00/turn              (no ring)
MPRegen  0.09/turn              (no ring)

@: non-regenerating
A: damage resistance, heal wounds, sense surroundings 1, no regeneration
a: Heal Wounds


You were on level 2 of the Dungeon.
You were not hungry.

You visited 1 branch of the dungeon, and saw 2 of its levels.

You collected 40 gold pieces.

Inventory:

Hand Weapons
 d - a +0 short sword (weapon)
Missiles
 a - 3 needles of sleeping
 m - 14 poisoned needles
Armour
 j - a +0 ring mail (worn)
Scrolls
 f - a scroll of teleportation
 h - 2 scrolls of fog {unknown}
 l - a scroll of identify {unknown}
Potions
 b - 2 potions of flight {unknown}
 e - a potion of agility {unknown}
 g - a potion of berserk rage {unknown}
 i - a potion of magic {unknown}
 k - a potion of mutation {unknown}
Comestibles
 c - 2 rations


   Skills:
 + Level 0.9 Fighting
 + Level 1.0 Armour
 + Level 2.6 Dodging
 - Level 2.4 Stealth
 + Level 0.8 Unarmed Combat
 + Level 2.0 Spellcasting
 - Level 4.3 Necromancy


You had 4 spell levels left.
You knew the following spells:

 Your Spells              Type           Power        Failure   Level  Hunger
a - Pain                  Necr           ##..         9%          1    #......

Your spell library contained the following spells:

 Spells                   Type           Power        Failure   Level  Hunger
 Animate Skeleton         Necr           N/A          9%          1    #......
 Vampiric Draining        Necr           ##........   26%         3    ###....
 Animate Dead             Necr           N/A          65%         4    #####..
 Regeneration             Chrm/Necr      Unusable     N/A         3    N/A

Dungeon Overview and Level Annotations

Branches:
Dungeon (2/15)

Altars:

Annotations:
D:2 Sigmund


Innate Abilities, Weirdness & Mutations

You are resistant to damage.
You can heal yourself by infusing magical energy.
You passively map a small area around you.
You do not regenerate.


Message History

You resist with some effort.
You hit Sigmund.
Sigmund is lightly wounded.
Sigmund hits you but does no damage.
Okay, then.
Okay, then.
Your ring mail prevents you from hitting Sigmund.
Sigmund is lightly wounded.
Sigmund closely misses you.
You closely miss Sigmund.
Sigmund is lightly wounded.
The dart slug launches a dart at you. The slug dart misses you.
You barely miss Sigmund.
Sigmund is lightly wounded.
Sigmund's eyes start glowing with a red light.
Sigmund zaps a wand.
The puff of flame hits you!
* * * LOW HITPOINT WARNING * * *
You fail to use your ability.
Sigmund zaps a wand.
The puff of flame hits you!
You die...

,
########################
........................
,
#####.#######....!...!.#
#####.# #..........#
......# #..........#
......# #...@.w.!..# *
......# #....@.....#
......#######..........#
*
...........##...........
...........#########....
...........# ....
.......)...# , ...
...........# * .. *
...##.###### , ,


You could see Sigmund and a dart slug.

Vanquished Creatures
  A leopard gecko (D:1)
  2 bats (D:1)
  A giant cockroach (D:1)
  2 hobgoblins
  7 jackals (D:1)
  2 quokkas (D:2)
  A ball python (D:1)
  2 frilled lizards (D:1)
  3 kobolds (D:1)
  3 rats (D:1)
24 creatures vanquished.

Notes
Turn   | Place    | Note
-------+----------+-------------------------------------------
     0 | D:1      | Borgoz the Deep Dwarf Necromancer began the quest for the
                  | Orb.
     0 | D:1      | Reached XP level 1. HP: 15/15 MP: 3/3
   331 | D:1      | Reached XP level 2. HP: 8/24 MP: 4/4
   708 | D:1      | Reached skill level 1 in Armour
  1008 | D:2      | Noticed Sigmund
  1127 | D:2      | Killed from afar by Sigmund

Vault maps used:
D:1:      dpeg_arrival_concentric_ovals
D:2:      uniq_natasha, uniq_sigmund

Skill      XL: |  1  2 |
---------------+-------+-----
Spellcasting   | 2 |  2.0
Armour         | 1 |  1.0
Fighting       | |  0.9
Dodging        | |  2.6
Stealth        | |  2.4
Unarmed Combat | |  0.8
Necromancy     | |  4.3

Action                   || total
-------------------------++-------
Melee: Short sword       ||    52
       Unarmed           ||     7
 Cast: Pain              ||    30
 Abil: Heal Wounds       ||     1
  Use: Scroll            ||     4
 Stab: Sleeping          ||     1
  Eat: Chunk             ||     1
Armor: Robe              ||    16
       Chain mail        ||    15
Dodge: Dodged            ||    50

Table legend:
 A = Non-vault XP
 B = Vault XP
 C = Vault XP percentage of total XP
 D = Non-vault monster count
 E = Vault monster count
 F = Vault count percentage of total count
                 A         B        C        D         E       F
            +---------+---------+-------+---------+---------+-------
      Total |      39 |       0 |   0.0 |      24 |       0 |   0.0
            +---------+---------+-------+---------+---------+-------
        D:1 |      33 |       0 |   0.0 |      21 |       0 |   0.0
        D:2 |       6 |       0 |   0.0 |       3 |       0 |   0.0
            +---------+---------+-------+---------+---------+-------
